 Dungeon Crawl Stone Soup version 0.25-a0-253-g6f1b5d974a (webtiles) character file.

Game seed: 4936368314913505630, levelgen mode: deterministic

31584 saltlakrits the Basher (level 13, -4/84 HPs)
             Began as a Gargoyle Gladiator on Dec 5, 2019.
             Slain by a spiny frog (8 damage)
             ... on level 6 of the Lair of Beasts.
             The game lasted 00:57:15 (22005 turns).

saltlakrits the Basher (Gargoyle Gladiator)        Turns: 22005, Time: 00:57:16

Health: -4/84      AC: 35    Str: 23    XL:     13   Next: 59%
Magic:  13/13      EV:  8    Int:  9    God:
Gold:   1102       SH:  4    Dex: 11    Spells: 12/12 levels left

rFire    . . .     SeeInvis .   U - +3 flail
rCold    . . .     Gourm    .   (no shield)
rNeg     + . .     Faith    .   M - +0 plate armour
rPois    ∞         Spirit   .   I - +0 helmet
rElec    +         Reflect  +   x - scarf {repulsion}
rCorr    .         Harm     .   (no gloves)
MR       .....                  R - +2 pair of boots
Stlth    ..........             j - +4 amulet of reflection
HPRegen  0.24/turn              g - +2 ring of protection
MPRegen  0.13/turn              Z - +4 ring of protection

@: repel missiles
A: negative energy resistance 1, electricity resistance, unbreathing,
petrification resistance, rot immunity, AC +9
a: no special abilities


You were on level 6 of the Lair of Beasts.
You were hungry.

You visited 2 branches of the dungeon, and saw 18 of its levels.

You collected 1102 gold pieces.

Inventory:

Hand Weapons
 h - a +0 trident of distortion
 n - a +3 whip
 G - a +0 flail of venom
 U - a +3 flail (weapon)
Missiles
 d - a throwing net (quivered)
 E - 15 boomerangs
Armour
 x - a scarf of repulsion (worn)
 I - a +0 helmet (worn)
 M - a +0 plate armour (worn)
 R - a +2 pair of boots (worn)
Magical Staves
 z - an uncursed staff of cold {unknown}
Jewellery
 g - a +2 ring of protection (left hand)
 j - a +4 amulet of reflection (around neck)
 t - an uncursed ring of protection from cold
 u - an uncursed ring of resist corrosion
 w - an uncursed ring of flight
 Y - an uncursed ring of magical power
 Z - a +4 ring of protection (right hand)
Wands
 b - a wand of polymorph (1)
 v - a wand of acid (21)
 V - a wand of paralysis (6)
 W - a wand of flame (16)
Scrolls
 l - 8 scrolls of remove curse
 m - a scroll of enchant armour {unknown}
 o - 3 scrolls of blinking
 p - 3 scrolls of amnesia
 q - 6 scrolls of immolation
 r - 4 scrolls of fear
 A - a scroll of enchant weapon
 B - a scroll of magic mapping {unknown}
 C - a scroll of noise {unknown}
 J - a scroll of summoning {unknown}
 K - 3 scrolls of fog
 P - a scroll of identify
Potions
 e - 2 potions of might
 i - 5 potions of lignification
 k - 2 potions of brilliance {unknown}
 s - a potion of invisibility {unknown}
 y - a potion of berserk rage {unknown}
 D - 4 potions of degeneration
 F - a potion of ambrosia {unknown}
 L - a potion of cancellation {unknown}
 N - a potion of magic {unknown}
 O - a potion of agility {unknown}
 Q - a potion of resistance {unknown}
 S - a potion of flight {unknown}
 T - a potion of haste {unknown}
Miscellaneous
 c - a sack of spiders
 H - a phial of floods
Comestibles
 f - 47 rations


   Skills:
 + Level 11.5 Fighting
 - Level 14.0 Maces & Flails
 + Level 9.9 Throwing
 + Level 11.3 Armour
 - Level 2.5 Dodging


You had 12 spell levels left.
You didn't know any spells.
Your spell library contained the following spells:

 Spells                   Type           Power        Failure   Level  Hunger
 Animate Skeleton         Necr           N/A          99%         1    ##.....
 Magic Dart               Conj           #...         99%         1    ##.....
 Pain                     Necr           #...         99%         1    ##.....
 Blink                    Tloc           N/A          100%        2    ###....
 Call Imp                 Summ           #.......     100%        2    ###....
 Slow                     Hex            #.......     100%        2    ###....
 Conjure Flame            Conj/Fire      #.......     100%        3    ####...
 Mephitic Cloud           Conj/Pois/Air  #.......     100%        3    ####...
 Regeneration             Chrm/Necr      #.........   100%        3    ####...
 Vampiric Draining        Necr           #.........   100%        3    ####...
 Animate Dead             Necr           N/A          100%        4    #####..


Dungeon Overview and Level Annotations

Branches:
Dungeon (12/15)              Lair (6/6) D:9          Shoals (0/4) Lair:2
  Snake (0/4) Lair:3        Slime (0/5) Lair:5
 Temple: D:4-7          Orc: D:9-12

Altars:
Ashenzari
Dithmenos
Elyvilon
Hepliaklqana
Kikubaaqudgha
Nemelex Xobeh
Qazlal
Sif Muna
Trog
Uskayaw
Xom
Yredelemnul
Zin
Jiyva

Annotations:
D:3 1 runed translucent door, Crazy Yiuf
D:9 2 runed translucent doors
Lair:1 exclusion: oklob plant


Innate Abilities, Weirdness & Mutations

You are resistant to torment.
Your stone body is resilient. (AC +9)
You are immune to poison.
You resist negative energy. (rN+)
You are resistant to electric shocks. (rElec)
You can survive without breathing.
You are immune to petrification.
You are immune to rotting.


Message History

A spiny frog comes into view.
Found a granite ring.
A spiny frog is nearby!
A spiny frog is nearby!
You see here a granite ring.
You closely miss the spiny frog.
The spiny frog stings you but does no damage.
You hit the spiny frog.
The spiny frog is lightly wounded.
The spiny frog stings you!
* * * LOW HITPOINT WARNING * * *
Okay, then.
That item cannot be evoked!
Evoke which item? (* to show all) (? for menu, Esc to quit)
Aiming: Paralyse
Press: ? - help, Shift-Dir - straight line, f - spiny frog
Aim: a spiny frog (lightly wounded, chance to defeat MR: 46%)
The spiny frog resists with some effort.
The spiny frog stings you!
You die...

###..#####
##...#....#
...........
........# #......#
. .....# ......# ..
#....# #.F..##...
#..... ##@.....#..#
#.....
#............#.....
#......#.. #.....#
#......# #.....
##....## ##...<.
......# #......
##.....# .........
..................
..................


You could see a spiny frog.

Vanquished Creatures
  4 hydras
  A two-headed ogre (D:11)
  Pikel (D:5)
  2 cyclopes (D:11)
  A merfolk siren (Lair:2)
  3 elephants (Lair:5)
  2 black mambas (Lair:2)
  A centaur skeleton (D:11)
  2 gargoyles
  10 spiny frogs
  A rime drake (Lair:2)
  A freezing wraith (D:9)
  8 komodo dragons
  2 trolls (D:10)
  A polar bear (Lair:4)
  Grinder (D:5)
  8 hippogriffs
  12 blink frogs
  A shadow (D:12)
  3 wyverns
  A vampire (D:9)
  29 yaks
  A wraith (D:10)
  A human (D:7)
  4 hogs
  A basilisk (Lair:2)
  Edmund (D:6)
  5 water moccasins
  10 porcupines
  2 sky beasts
  An orc warrior (D:7)
  2 ice beasts
  2 black bears
  4 ogres
  13 wolves
  7 centaurs
  9 crocodiles
  3 big kobolds
  14 bullfrogs
  4 scorpions
  10 killer bees (D:11)
  5 howler monkeys
  An electric eel (Lair:2)
  7 crimson imps
  2 bullfrog zombies
  2 centaur zombies
  3 jellies
  A gnoll shaman (D:7)
  3 orc priests
  6 hounds
  A bullfrog skeleton (D:11)
  6 orc wizards
  2 iguanas
  11 worker ants
  6 hell rats (Lair:5)
  A hound zombie (D:7)
  A hound skeleton (D:11)
  A howler monkey zombie (D:7)
  9 gnolls
  9 adders
  2 shadow imps
  An adder zombie (D:7)
  An adder skeleton (D:7)
  5 worms
  3 dart slugs
  4 leopard geckos
  35 orcs
  7 bats
  7 giant cockroaches
  5 goblins
  5 hobgoblins
  6 jackals (D:1)
  18 kobolds
  4 quokkas
  6 frilled lizards
  A jackal skeleton (D:4)
  A leopard gecko skeleton (D:8)
  2 quokka skeletons
  7 rats
  2 plants
388 creatures vanquished.

Vanquished Creatures (others)
  A slave (D:5)
  A centaur zombie (D:5)
  An adder (D:5)
  6 fungi
  A plant (Lair:6)
  4 toadstools (D:1)
14 creatures vanquished.

Grand Total: 402 creatures vanquished

Notes
Turn   | Place    | Note
-------+----------+-------------------------------------------
     0 | D:1      | saltlakrits the Gargoyle Gladiator began the quest for the
                  | Orb.
     0 | D:1      | Reached XP level 1. HP: 12/12 MP: 1/1
   137 | D:1      | Reached XP level 2. HP: 18/18 MP: 2/2
   667 | D:1      | Reached XP level 3. HP: 17/22 MP: 3/3
  1305 | D:2      | Reached skill level 1 in Armour
  1598 | D:2      | Reached XP level 4. HP: 26/27 MP: 4/4
  1642 | D:2      | Found a stormy altar of Qazlal.
  1705 | D:2      | Found a bloodstained altar of Trog.
  2028 | D:2      | Found a sparkling altar of Nemelex Xobeh.
  2233 | D:2      | Reached skill level 4 in Maces & Flails
  2769 | D:3      | Reached XP level 5. HP: 28/32 MP: 5/5
  2974 | D:3      | Found a runed translucent door.
  2975 | D:3      | Noticed Crazy Yiuf
  3302 | D:3      | Reached XP level 6. HP: 26/37 MP: 6/6
  3810 | D:4      | Noticed a +0 dagger
  3811 | D:4      | Noticed a +0 hand axe
  3812 | D:4      | Found a hide-covered altar of Uskayaw.
  3840 | D:4      | Reached skill level 5 in Maces & Flails
  4383 | D:5      | Entered Level 5 of the Dungeon
  4399 | D:5      | Reached XP level 7. HP: 43/43 MP: 7/7
  4558 | D:5      | Found a white marble altar of Elyvilon.
  4559 | D:5      | Found an ancient bone altar of Kikubaaqudgha.
  4739 | D:5      | Noticed Pikel
  4757 | D:5      | Killed Pikel
  4757 | D:5      | Reached skill level 6 in Maces & Flails
  4757 | D:5      | Reached XP level 8. HP: 36/48 MP: 8/8
  4892 | D:5      | Noticed Grinder
  4898 | D:5      | Killed Grinder
  4898 | D:5      | Reached skill level 5 in Fighting
  5041 | D:5      | Noticed a two-headed ogre
  5539 | D:6      | Reached skill level 7 in Maces & Flails
  5584 | D:6      | Noticed Edmund
  5609 | D:6      | Killed Edmund
  5680 | D:6      | Reached skill level 5 in Armour
  5686 | D:6      | Reached XP level 9. HP: 50/55 MP: 9/9
  6175 | D:6      | Reached skill level 5 in Throwing
  6437 | D:7      | Reached skill level 8 in Maces & Flails
  6549 | D:7      | Found a shadowy altar of Dithmenos.
  7365 | D:7      | Found a shimmering altar of Xom.
  7365 | D:7      | Found a faded altar of an unknown god.
  7370 | D:7      | Found a shimmering blue altar of Sif Muna.
  7372 | D:7      | Found a basalt altar of Yredelemnul.
  7373 | D:7      | Found a hazy altar of Hepliaklqana.
  8225 | D:7      | Reached skill level 9 in Maces & Flails
  8371 | D:7      | Reached XP level 10. HP: 63/63 MP: 10/10
  8532 | D:8      | Found a stormy altar of Qazlal.
  9066 | D:8      | Found a glowing silver altar of Zin.
  9529 | D:9      | Found a shattered altar of Ashenzari.
  9901 | D:9      | Found a runed translucent door.
  9902 | D:9      | Found a runed translucent door.
  9960 | D:9      | Reached skill level 10 in Maces & Flails
 10107 | D:9      | Found a shattered altar of Ashenzari.
 10170 | D:9      | Identified the cursed +1 dagger of the Spirits {antimagic,
                  | +Fly rF++ MR++}
 10627 | D:9      | Found a staircase to the Lair.
 11135 | D:10     | Entered Level 10 of the Dungeon
 11429 | D:10     | Reached XP level 11. HP: 32/69 MP: 11/11
 11835 | D:10     | Reached skill level 11 in Maces & Flails
 12178 | D:10     | Found a stormy altar of Qazlal.
 12441 | D:10     | Noticed a brown ugly thing
 12442 | D:10     | Noticed a rakshasa
 12671 | D:11     | Noticed a cyclops
 12697 | D:11     | Killed a cyclops
 12709 | D:11     | Noticed a cyclops
 12730 | D:11     | Noticed a two-headed ogre
 12734 | D:11     | Killed a cyclops
 12744 | D:11     | Killed a two-headed ogre
 13994 | D:11     | Reached skill level 12 in Maces & Flails
 14352 | D:12     | Noticed a seven-headed hydra
 14509 | Lair:1   | Entered Level 1 of the Lair of Beasts
 14666 | Lair:1   | Reached XP level 12. HP: 57/76 MP: 12/12
 16082 | Lair:2   | Reached skill level 10 in Fighting
 16944 | Lair:2   | Found a staircase to the Shoals.
 17344 | Lair:2   | Reached skill level 10 in Armour
 17356 | Lair:2   | Reached skill level 13 in Maces & Flails
 17964 | Lair:3   | Noticed a four-headed hydra
 17987 | Lair:3   | Killed a four-headed hydra
 18250 | Lair:3   | Reached XP level 13. HP: 83/83 MP: 13/13
 18276 | Lair:3   | Found a staircase to the Snake Pit.
 20301 | Lair:5   | Reached skill level 14 in Maces & Flails
 20520 | Lair:5   | HP: 2/84 [hell rat (9)]
 21538 | Lair:5   | Found a viscous altar of Jiyva.
 21538 | Lair:5   | Found a staircase to the Slime Pits.
 21558 | Lair:6   | Entered Level 6 of the Lair of Beasts
 22004 | Lair:6   | HP: 3/84 [spiny frog (10)]
 22005 | Lair:6   | Slain by a spiny frog

Levels and vault maps discovered:
D:1:      ldierk_walled_garden_2, layout_basic, serial_bayou_lake_a
D:2:      layout_basic, old_standard_altar, lemuel_round_altar,
          trog_three_pillars_becter
D:3:      layout_loops_ring, first_ration, hangedman_feature_mirror,
          minivault_11, minivault_19, uniq_crazy_yiuf_cottage
D:4:      layout_basic, dancing_weapons_uskayaw
D:5:      layout_basic, gammafunk_temple_overflow_pools,
          corexii_item_surrounded_by_moat, uniq_pikel, uniq_grinder
D:6:      layout_rooms, minmay_temple_entry_from_below_b, uniq_duvessa,
          uniq_edmund
D:7:      minmay_skewed_foursquare, layout_cave_pods, kennysheep_mini_moat,
          chequers_temple_overflow_minitemple, grunt_livestock, minivault_5
D:8:      statuecave_lemuel, layout_basic, zin_scriptorium, basic_altar,
          chequers_serial_rivers_micro_c
D:9:      lemuel_insect_pit, layout_basic, ashenzari_conservatory_becter,
          dpeg_oklobed_lair, basic_altar, minmay_diamond_spiral
D:10:     kennysheep_windowed_halls, layout_irregular_city,
          nicolae_qazlal_eye_of_the_storm
D:11:     layout_grid_maze
D:12:     layout_loops_ring, orc_0_dummy
Lair:1:   layout_cave_pods, gauntlet_entry_generic, grunt_megastairs_5,
          minmay_lair_oklob_chamber
Lair:2:   layout_chaotic_city, elwin_shoals_entry_rooms
Lair:3:   layout_gridlike, dummy_snake_entry, grunt_megastairs_2
Lair:4:   layout_cave_pods, nicolae_volcano_entry_s_turn, lemuel_fruit_fields,
          lemuel_fruit_tree
Lair:5:   layout_regular_city, dpeg_slime_entry_enclosed_altar
Lair:6:   evilmike_catoblepas_cave, layout_regular_city,
          nicolae_quartered_pool_super, infiniplex_staircase_pool

Skill      XL: |  1  2  3  4  5  6  7  8  9 10 11 12 13 |
---------------+----------------------------------------+-----
Throwing       | 2 3 4 5 6 8 9 |  9.9
Armour         | 1 2 3 4 5 6 7 9 10 11 | 11.3
Fighting       | 3 4 5 7 8 9 10 11 | 11.5
Maces & Flails | 4 5 6 7 9 10 12 13 14 | 14.0
Dodging        | |  2.5

Action                   |  1- 3 |  4- 6 |  7- 9 | 10-12 | 13-15 || total
-------------------------+-------+-------+-------+-------+-------++-------
Melee: Flail             |   160 |   206 |   434 |  1425 |   496 ||  2721
Throw: Javelin           |       |       |     4 |       |       ||     4
       Throwing net      |       |       |     4 |       |       ||     4
       Boomerang         |       |       |     4 |       |       ||     4
Evoke: Wand              |       |       |       |     3 |     1 ||     4
  Use: Scroll            |       |     1 |     9 |    10 |    10 ||    30
       Potion            |       |       |     1 |     7 |     3 ||    11
  Eat: Chunk             |     3 |     8 |    11 |    25 |     6 ||    53
       Ration            |       |       |     1 |     3 |     1 ||     5
Armor: Leather armour    |    41 |    46 |       |       |       ||    87
       Chain mail        |       |    75 |   166 |       |       ||   241
       Plate armour      |       |       |   193 |  1293 |   449 ||  1935
Dodge: Dodged            |    73 |   109 |   211 |   553 |   215 ||  1161
       Deflected         |       |     1 |    10 |     2 |     1 ||    14
Block: Other             |       |       |       |    95 |   107 ||   202

Table legend:
 A = Non-vault XP
 B = Vault XP
 C = Vault XP percentage of total XP
 D = Non-vault monster count
 E = Vault monster count
 F = Vault count percentage of total count
                 A         B        C        D         E       F
            +---------+---------+-------+---------+---------+-------
      Total |   40043 |    5077 |  11.3 |     355 |      31 |   8.0
            +---------+---------+-------+---------+---------+-------
        D:1 |      56 |       0 |   0.0 |      24 |       0 |   0.0
        D:2 |      84 |       0 |   0.0 |      29 |       0 |   0.0
        D:3 |     161 |      18 |  10.1 |      13 |       2 |  13.3
        D:4 |     268 |       0 |   0.0 |      11 |       0 |   0.0
        D:5 |     309 |     867 |  73.7 |      12 |       2 |  14.3
        D:6 |     609 |     164 |  21.2 |      19 |       1 |   5.0
        D:7 |    1161 |     907 |  43.9 |      31 |       8 |  20.5
        D:8 |     939 |     196 |  17.3 |      19 |       1 |   5.0
        D:9 |    1414 |     628 |  30.8 |      17 |       4 |  19.0
       D:10 |    2424 |    1243 |  33.9 |      22 |       9 |  29.0
       D:11 |    5867 |       0 |   0.0 |      43 |       0 |   0.0
       D:12 |     272 |       0 |   0.0 |       2 |       0 |   0.0
     Lair:1 |    3232 |     105 |   3.1 |      14 |       1 |   6.7
     Lair:2 |    5405 |     838 |  13.4 |      23 |       2 |   8.0
     Lair:3 |    5163 |     111 |   2.1 |      26 |       1 |   3.7
     Lair:4 |    4814 |       0 |   0.0 |      15 |       0 |   0.0
     Lair:5 |    6505 |       0 |   0.0 |      29 |       0 |   0.0
     Lair:6 |    1360 |       0 |   0.0 |       6 |       0 |   0.0
            +---------+---------+-------+---------+---------+-------
